 Dungeon Crawl Stone Soup version 0.20.1-1-g8b1a95d (webtiles) character file.

99 Chifra the Grave Robber (level 4, -2/25 HPs)
             Began as a Deep Elf Necromancer on July 4, 2017.
             Slain by a worm (3 damage)
             ... on level 2 of the Dungeon.
             The game lasted 00:05:57 (2119 turns).

Chifra the Grave Robber (Deep Elf Necromancer)      Turns: 2119, Time: 00:05:58

Health: -2/25      AC:  6    Str:  5    XL:     4   Next: 45%
Magic:  3/11       EV: 14    Int: 21    God:
Gold:   53         SH:  0    Dex: 15    Spells: 2/10 levels left

rFire    . . .     SeeInvis .   k - +0 dagger
rCold    . . .     Gourm    .   (no shield)
rNeg     . . .     Faith    .   a - +0 robe
rPois    .         Spirit   .   (no helmet)
rElec    .         Reflect  .   (no cloak)
rCorr    .         Harm     .   l - +2 pair of gloves
MR       .....                  f - +0 pair of boots
Stlth    ++........             (no amulet)
Regen    0.1/turn               (no ring)
MPRegen  0.2/turn               (no ring)

@: no status effects
A: no striking features
a: no special abilities


You were on level 2 of the Dungeon.
You were not hungry.

You visited 1 branch of the dungeon, and saw 2 of its levels.

You collected 53 gold pieces.

Inventory:

Hand Weapons
 k - a +0 dagger (weapon)
Armour
 a - a +0 robe (worn)
 e - a +0 pair of boots
 f - a +0 pair of boots (worn)
 l - a +2 pair of gloves (worn)
Jewellery
 o - an uncursed ring of stealth {unknown}
 q - an uncursed ring of protection from fire {unknown}
Potions
 g - a potion of berserk rage {unknown}
 h - 2 potions of curing
 i - a potion of heal wounds
 j - a potion of agility
Books
 b - a book of Necromancy

   Spells                             Type                      Level
   a - Pain                           Necromancy                   1
   b - Animate Skeleton               Necromancy                   1
   c - Vampiric Draining              Necromancy                   3
   d - Regeneration                   Charms/Necromancy            3
   e - Animate Dead                   Necromancy                   4
   f - Control Undead                 Necromancy                   4
Comestibles
 c - a bread ration
 d - 3 chunks of flesh
 m - a royal jelly


   Skills:
 + Level 1.2 Fighting
 + Level 3.4 Dodging
 + Level 3.2 Stealth
 + Level 3.8 Spellcasting
 + Level 5.4 Necromancy


You had 2 spell levels left.
You knew the following spells:

 Your Spells              Type           Power        Failure   Level  Hunger
a - Pain                  Necr           ####         1%          1    None
b - Animate Skeleton      Necr           N/A          1%          1    None
c - Vampiric Draining     Necr           ####......   4%          3    ###....
d - Regeneration          Chrm/Necr      ###.......   12%         3    ###....


Dungeon Overview and Level Annotations

Branches:
Dungeon (2/15)

Altars:
Nemelex Xobeh
Xom


Message History

The worm is lightly wounded.
The worm misses you.
You hit the worm.
The worm is lightly wounded.
The worm bites you but does no damage.
You swap places.
Your kobold skeleton hits the worm but does no damage.
The worm bites your kobold skeleton.
Your kobold skeleton barely misses the worm.
The worm completely misses your kobold skeleton.
Your kobold skeleton hits the worm.
Your kobold skeleton hits the worm.
The worm bites your kobold skeleton.
Your kobold skeleton is destroyed!
The worm bites you!
* * * LOW HITPOINT WARNING * * *
You hit the worm but do no damage. You hit the worm.
The worm is lightly wounded.
The worm bites you.
You die...

,,,...,*#.,..,....<,,,,,*********
,**#.w.##.#.#.>###**,*****,,,,,,,
,,,............)..,,,* **,******
,,,,,,,*#.%##*.#***,,* **,,,**
********##w.##.#**#.,###,,,,,*
##Z...#........,,,,,*
##......##..#**,,,,,* *
####...####....# **,,,** ***
##P...#...w@....# **,**
+,**##P....).####.#### *,*
**,,#.P......# *.# *,*
***#.#.P.....# *.# ***,*
**#######.# *.# *,,,* #.# *.#
*,*,* ***** #.# #.######,*,*
*,*,* #.# #......#,*,* *,*,* #.#
######.#,#,*


You could see a worm.

Vanquished Creatures
  3 gnolls
  3 adders (D:2)
  A worm (D:2)
  2 dart slugs
  2 leopard geckos (D:2)
  3 bats
  A giant cockroach (D:2)
  3 goblins
  3 hobgoblins
  A quokka (D:2)
  A ball python (D:2)
  7 kobolds
  5 rats
35 creatures vanquished.

Notes
Turn   | Place    | Note
-------+----------+-------------------------------------------
     0 | D:1      | Chifra the Deep Elf Necromancer began the quest for the Orb.
     0 | D:1      | Reached XP level 1. HP: 10/10 MP: 6/6
   360 | D:1      | Reached skill level 5 in Necromancy
   378 | D:1      | Found a sparkling altar of Nemelex Xobeh.
   393 | D:1      | Reached XP level 2. HP: 13/15 MP: 6/8
   467 | D:1      | Learned a level 1 spell: Animate Skeleton
  1212 | D:2      | Reached XP level 3. HP: 17/20 MP: 4/9
  1304 | D:2      | Found a shimmering altar of Xom.
  1320 | D:2      | Reached skill level 1 in Fighting
  1325 | D:2      | Learned a level 3 spell: Vampiric Draining
  1329 | D:2      | Learned a level 3 spell: Regeneration
  1675 | D:1      | Reached XP level 4. HP: 7/25 MP: 0/11
  2117 | D:2      | HP: 1/25 [worm (11)]
  2119 | D:2      | Slain by a worm

Skill      XL: |  1  2  3 |
---------------+----------+-----
Necromancy     | 5 |  5.4
Dodging        | 3 |  3.4
Fighting       | 1 |  1.2
Stealth        | 3 |  3.2
Spellcasting   | |  3.8

Action                   |  1- 3 |  4- 6 || total
-------------------------+-------+-------++-------
Melee: Dagger            |    24 |    43 ||    67
 Cast: Pain              |    41 |    18 ||    59
       Animate Skeleton  |     1 |     1 ||     2
       Vampiric Draining |     7 |     2 ||     9
       Regeneration      |       |     1 ||     1
  Use: Scroll            |     4 |     1 ||     5
  Eat: Chunk             |     2 |     2 ||     4
Armor: Robe              |    14 |    16 ||    30
Dodge: Dodged            |    29 |    39 ||    68
